 Dungeon Crawl Stone Soup version 0.31-a0-846-gb3bcc0d938 (webtiles) character file.

Game seed: 6661854354703814768

6221 croobank the Covert (level 10, -12/72 HPs)
             Began as an Octopode Delver on Oct 3, 2023.
             Was a Believer of Ashenzari.
             Collided with a rock wall (14 damage)
             ... caused by Erica
             ... on level 9 of the Dungeon.
             The game lasted 00:27:48 (8422 turns).

croobank the Covert (Octopode Delver)               Turns: 8422, Time: 00:27:48

Health: -12/72     AC:  1    Str: 11    XL:     10   Next: 92%
Magic:  10/10      EV: 25    Int: 14    God:    Ashenzari [**....]
Gold:   223        SH:  0    Dex: 26    Spells: 9/9 levels left

rFire   + + +        a - +5 rapier of the Tethered Jealousy {freeze, Dex+3, Melee, Bglg} (curse)
rCold   . . .        (no shield)
rNeg    . . .        (helmet restricted)
rPois   .            (no amulet)
rElec   +            h - ring of Ashenzari's Seer {Wiz rElec rF++, Elem, Fort} (curse)
rCorr   .            y - ring of the Sublime Seer {rF+, Alch, Fort} (curse)
SInv    +            P - ring of Curses and Power {Dex+6, Dev, Comp} (curse)
Will    .....        T - ring "Tethered Together" {EV+5, Alch, Bglg} (curse)
Stlth   +++++++      (no ring)
HPRegen 0.32/turn    (no ring)
MPRegen 0.12/turn    (no ring)
                     (no ring)

%: wizardry (x1)
@: no status effects
A: almost no armour, amphibious, 8 rings, camouflage 1, gelatinous body 1,
(nimble swimmer 1), tentacles
a: Renounce Religion, Shatter the Chains


You were on level 9 of the Dungeon.
You worshipped Ashenzari.
Ashenzari was pleased with you.
You visited 1 branch of the dungeon, and saw 9 of its levels.
You also visited: Ossuary.

You collected 452 gold pieces.
You spent 229 gold pieces at shops.

Inventory:

Hand Weapons
 a - the cursed +5 rapier of the Tethered Jealousy (weapon) {freeze, Dex+3, Melee, Bglg}
   (You found it on level 5 of the Dungeon)

   Dex+3:     It affects your dexterity (+3).
   It has a curse which improves the following skills: Melee Combat: Short
   Blades, Long Blades, Axes, Maces & Flails, Polearms, Staves and Unarmed
   Combat.
   Beguiling: Conjurations, Hexes and Translocations.
 c - a +2 flail of holy wrath
 e - a +5 falchion of protection
 f - a +0 short sword
 l - a +0 vampiric short sword
 t - a +3 war axe of venom
 w - a +1 dagger of venom
 x - a +2 spear of venom
 C - a +2 quarterstaff of chaos
 D - a +2 mace of venom
 G - a +0 quarterstaff of speed
 U - a +0 long sword
Missiles
 z - 6 boomerangs
 H - 8 poisoned darts
 N - a throwing net (quivered)
 O - 3 atropa-tipped darts
Magical Staves
 m - a staff of cold
Jewellery
 h - the cursed ring of Ashenzari's Seer (left tentacle) {Wiz rElec rF++, Elem, Fort}
   (You found it on level 5 of the Dungeon)

   [ring of wizardry]

   Wiz:       It improves your spell success rate.
   rF++:      It greatly protects you from fire.
   rElec:     It insulates you from electricity.
   It has a curse which improves the following skills: Elements: Fire Magic, Ice
   Magic, Air Magic and Earth Magic.
   Fortitude: Shields.
 y - the cursed ring of the Sublime Seer (right tentacle) {rF+, Alch, Fort}
   (You found it on level 2 of the Dungeon)

   [ring of protection from fire]

   rF+:       It protects you from fire.
   It has a curse which improves the following skills: Alchemy: Poison Magic and
   Transmutations.
   Fortitude: Shields.
 P - the cursed ring of Curses and Power (on tentacle) {Dex+6, Dev, Comp}
   (You found it on level 7 of the Dungeon)

   [ring of dexterity]

   Dex+6:     It affects your dexterity (+6).
   It has a curse which improves the following skills: Devices: Evocations and
   Shapeshifting.
   Companions: Summonings and Necromancy.
 T - the cursed ring "Tethered Together" (on tentacle) {EV+5, Alch, Bglg}
   (You found it on level 8 of the Dungeon)

   [ring of evasion]

   EV+5:      It affects your evasion (+5).
   It has a curse which improves the following skills: Alchemy: Poison Magic and
   Transmutations.
   Beguiling: Conjurations, Hexes and Translocations.
Wands
 A - a wand of roots (7)
 F - a wand of digging (9)
 I - a wand of polymorph (8)
 K - a wand of paralysis (12)
Scrolls
 b - 4 scrolls of fog
 d - 5 scrolls of fear
 i - 2 scrolls of vulnerability
 p - 7 scrolls of identify
 r - 4 scrolls of teleportation
 u - 2 scrolls of immolation
 v - 2 scrolls of revelation
 B - 2 scrolls of blinking
 Q - a scroll of torment
 R - 2 scrolls of enchant armour
Potions
 g - a potion of curing
 j - 2 potions of haste
 k - 4 potions of brilliance
 n - a potion of cancellation
 o - a potion of mutation
 q - 2 potions of heal wounds
 s - 2 potions of invisibility
 E - a potion of magic
 J - a potion of ambrosia
 L - a potion of lignification
 M - a potion of berserk rage
 S - a potion of resistance


   Skills:
 + Level 7.8 Fighting
 * Level 9.2(10.4) Short Blades
 - Level 2.1(6.6) Long Blades
 + Level 7.5 Dodging
 + Level 12.1 Stealth
 + Level 4.1(5.7) Shields


You had 9 spell levels left.
You didn't know any spells.
Your spell library contained the following spells:

 Spells                   Type           Power      Damage    Failure   Level
 Sting                    Tmut/Pois      0%         1d3       11%         1
 Summon Small Mammal      Summ           0%         N/A       12%         1
 Ensorcelled Hibernation  Hex/Ice        0%         N/A       16%         2
 Passwall                 Tmut/Erth      0%         N/A       16%         2
 Poisonous Vapours        Pois/Air       0%         N/A       16%         2
 Sublimation of Blood     Necr           0%         N/A       16%         2
 Call Canine Familiar     Summ           0%         N/A       32%         3
 Summon Guardian Golem    Hex/Summ       0%         N/A       32%         3
 Swiftness                Air            0%         N/A       32%         3
 Olgreb's Toxic Radiance  Pois           0%         N/A       69%         4
 Petrify                  Tmut/Erth      0%         N/A       69%         4
 Vhi's Electric Charge    Tloc/Air       0%         N/A       69%         4
 Arcjolt                  Conj/Air       0%         1d10      95%         5
 Irradiate                Conj/Tmut      0%         3d11      95%         5
 Plasma Beam              Fire/Air       0%         2x1d10    100%        6


Dungeon Overview and Level Annotations

Branches:
Dungeon (9/15)             Temple (0/1) D:4            Lair (0/5) D:8
Ossuary (visited)
    Orc: D:9-12

Altars:
Ashenzari
Dithmenos
Kikubaaqudgha
Ru
Vehumet

Shops:
D:4 *   D:6 (

Annotations:
D:8 3 runed translucent doors, justen's ghost, novice DrSh
D:9 Erica


Innate Abilities, Weirdness & Mutations

You cannot wear most types of armour.
You are amphibious.
You can wear up to eight rings at the same time.
Your skin changes colour to match your surroundings (Stealth+).
Your rubbery body absorbs attacks. (AC +1, EV +1)
((You are camouflaged when in or above water. (Stealth+)))
You have tentacles for arms and can constrict up to eight enemies at once.


Message History

You start resting.
An orc is nearby!
The orc wizard casts a spell at you. The magic dart hits you!
Aiming: Fastroot
Press: ? - help, Shift-Dir - straight line, f/p - Erica
Aim: Erica, wielding a +2 scimitar of flaming and wearing a +0 robe (heavily wounded)
The roots erupt in riotous growth!
Roots grab the orc wizard.
Roots grab Erica.
The grasping roots constrict Erica.
The grasping roots constrict the orc wizard.
You hear a shout!
The orc wizard struggles to escape constriction.
Erica casts a spell.
Erica flickers and vanishes for a moment.
The grasping roots constrict Erica.
The grasping roots constrict the orc wizard.
The roots release their grip on Erica.
The roots release their grip on the orc wizard.
The orc wizard hits you with a +0 dagger.
You puncture the orc wizard! You freeze the orc wizard.
You kill the orc wizard!
Aiming: Fastroot
Press: ? - help, Shift-Dir - straight line, f/p - Erica
Aim: Erica, wielding a +2 scimitar of flaming and wearing a +0 robe (severely wounded, slightly transparent)
The roots erupt in riotous growth!
Roots grab Erica.
The grasping roots constrict Erica!
Erica hits you with a +2 scimitar of flaming!
Erica burns you.
You hit Erica. You freeze Erica. You squeeze Erica.
Erica is almost dead.
The grasping roots constrict Erica.
The roots release their grip on Erica.
Erica casts a spell at you. The lance of force hits you!!
* * * LOW HITPOINT WARNING * * *
You are knocked back by the lance of force.
You slam into the rock wall!
You die...
Erica begins laughing uncontrollably.

..............###.........
#.......#................
#.....##................
#.....#.......o.........
#....##.#...............
###....#....o.............
##......[....###...........
##.....÷....@)##............
###............@##{.#....#...
##........÷......#.........#..
#.........................##.. .
##.................##..#.... ..
##............#.......###.###...
#........#........##.#.###.....
##<......#....#..###....#.....#
#..........####.#.....)).....#
#..........# ##.#....)))......


You could see Erica (invisible) and an orc.

Vanquished Creatures
  A two-headed ogre (D:8)
  An elephant (D:8)
  A troll (D:9)
  Prince Ribbit (D:5)
  Eustachio (D:5)
  10 yaks
  A basilisk (D:8)
  A steam dragon (D:7)
  Menkaure (D:5)
  2 water moccasins
  2 black bears
  A sky beast (D:7)
  2 ogres
  2 centaurs
  2 phantoms
  An elf zombie (D:5)
  3 bullfrogs
  An elf skeleton (D:5)
  2 gnoll sergeants
  2 scorpions
  3 water moccasin zombies (Ossuary)
  5 wights
  A howler monkey (D:5)
  A bullfrog zombie (Ossuary)
  2 centaur zombies (Ossuary)
  2 orc priests
  A hound (D:3)
  2 gnoll boudas
  5 human skeletons (D:5)
  Crazy Yiuf (D:3)
  4 iguanas
  4 orc wizards
  A scorpion zombie (Ossuary)
  A statue (D:5)
  An ogre zombie (Ossuary)
  3 adders
  17 gnolls
  A shadow imp (D:8)
  A white imp (D:6)
  An adder zombie (Ossuary)
  A worm (D:3)
  3 dart slugs
  17 orcs
  6 ball pythons
  3 bats
  A bat zombie (D:8)
  10 endoplasms
  4 giant cockroaches
  5 gnoll zombies (Ossuary)
  8 goblins
  4 hobgoblins
  4 jackals (D:5)
  3 quokkas
  2 frilled lizards
  5 goblin zombies (Ossuary)
  3 hobgoblin zombies (Ossuary)
  7 kobolds
  3 orc skeletons (D:5)
  5 orc zombies
  5 rats
194 creatures vanquished.

Notes
Turn   | Place    | Note
-------+----------+-------------------------------------------
     0 | D:5      | croobank the Octopode Delver began the quest for the Orb.
     0 | D:5      | Reached XP level 1. HP: 16/16 MP: 1/1
    13 | D:5      | Identified the ring "Jinig" {Wiz rElec rF++}
    35 | D:5      | Noticed a scorpion
    93 | D:5      | Killed a scorpion
    94 | D:5      | Reached skill level 7 in Stealth
    94 | D:5      | Reached XP level 2. HP: 21/21 MP: 2/2
    94 | D:5      | Reached XP level 3. HP: 26/26 MP: 3/3
    94 | D:5      | Reached XP level 4. HP: 31/31 MP: 4/4
   136 | D:5      | Found a sand-covered staircase.
   141 | Ossuary  | Entered an ossuary
   182 | Ossuary  | Reached XP level 5. HP: 25/37 MP: 5/5
   262 | Ossuary  | Reached XP level 6. HP: 23/43 MP: 6/6
   292 | Ossuary  | Reached skill level 8 in Stealth
   410 | Ossuary  | Noticed a silent spectre
   413 | Ossuary  | Reached XP level 7. HP: 38/49 MP: 7/7
   574 | D:5      | Reached skill level 5 in Fighting
   687 | D:2      | Reached skill level 9 in Stealth
  1868 | D:2      | Found a sacrificial altar of Ru.
  2621 | D:3      | Found a runed translucent door.
  2622 | D:3      | Noticed Crazy Yiuf
  2630 | D:3      | Killed Crazy Yiuf
  2631 | D:3      | Reached XP level 8. HP: 55/55 MP: 8/8
  2705 | D:3      | Found a faded altar of an unknown god.
  2714 | D:3      | Prayed at the altar of an unknown god.
  2714 | D:3      | Became a worshipper of Ashenzari the Shackled
  3348 | D:4      | Found Qenoph's General Store.
  3357 | D:4      | Bought a potion of cancellation for 112 gold pieces
  3357 | D:4      | Bought a scroll of identify for 28 gold pieces
  3357 | D:4      | Bought a scroll of immolation for 56 gold pieces
  3671 | D:4      | Reached skill level 1 in Long Blades
  3749 | D:4      | Reached skill level 5 in Dodging
  3798 | D:4      | Found a staircase to the Ecumenical Temple.
  3849 | D:4      | Found a shadowy altar of Dithmenos.
  4090 | D:5      | Identified the +5 rapier of the Special Places {freeze,
                  | Dex+3}
  4130 | D:5      | Reached * piety under Ashenzari
  4149 | D:5      | Noticed Eustachio
  4152 | D:5      | Killed Eustachio
  4153 | D:5      | Reached skill level 5 in Short Blades
  4380 | D:5      | Found a radiant altar of Vehumet.
  4432 | D:5      | Noticed Prince Ribbit
  4438 | D:5      | Killed Prince Ribbit
  4439 | D:5      | Reached skill level 10 in Stealth
  4513 | D:5      | Noticed Menkaure
  4523 | D:5      | Killed Menkaure
  4524 | D:5      | Reached XP level 9. HP: 32/62 MP: 9/9
  5668 | D:6      | Found Mauhar's Weapon Emporium.
  5674 | D:6      | Bought a throwing net for 33 gold pieces
  6201 | D:7      | Found a sacrificial altar of Ru.
  6201 | D:7      | Found a broken altar of Ashenzari.
  6246 | D:7      | Reached ** piety under Ashenzari
  6375 | D:7      | Reached skill level 1 in Shields
  6619 | D:7      | Reached skill level 11 in Stealth
  6757 | D:7      | Found Kysair's Antique Weapon Shop.
  7066 | D:8      | Noticed an elephant
  7067 | D:8      | Found a staircase to the Lair.
  7087 | D:8      | Killed an elephant
  7088 | D:8      | Reached XP level 10. HP: 28/71 MP: 10/10
  7266 | D:8      | Noticed a two-headed ogre
  7274 | D:8      | Killed a two-headed ogre
  7337 | D:8      | Found a runed translucent gate.
  7338 | D:8      | Found a runed translucent gate.
  7338 | D:8      | Found a runed translucent gate.
  7341 | D:8      | Noticed justen's ghost (novice DrSh)
  7793 | D:8      | Found an ancient bone altar of Kikubaaqudgha.
  8044 | D:9      | Reached skill level 12 in Stealth
  8391 | D:9      | Noticed Erica
  8422 | D:9      | HP: 2/72 [Erica/lance of force (22)]
  8422 | D:9      | Collided with a rock wall

Illustrated notes

Levels and vault maps discovered:
D:1:      dpeg_arrival_round_c, layout_loops_corners, grunt_decor_junction,
          roderic_roman_lattice, kennysheep_flooded_box
D:2:      layout_rooms, basic_altar
D:3:      layout_loops_corners, basic_ecumenical_altar, corexii_hall_statues_i,
          uniq_crazy_yiuf_cottage
D:4:      layout_rooms, mainiacjoe_overflow_alcove_2,
          minmay_temple_entry_arrows, serial_shops, nicolae_shop_stone
D:5:      layout_loops_ring, vehumet_statue, nicolae_ossuary_entry_catacombs,
          hangedman_glass_teeth, nicolae_eternal_life, uniq_eustachio,
          uniq_prince_ribbit1, uniq_menkaure
D:6:      layout_gridville, serial_shops, nicolae_shop_bloodbath_and_beyond
D:7:      layout_loops_corners, gammafunk_temple_overflow_elements,
          serial_shops, shop
D:8:      layout_layer_cave, lemuel_zombie_altar_kikubaaqudgha,
          david_lair_generic, gammafunk_ghost_spectres,
          kennysheep_generic_room_13
D:9:      layout_cave_pools, grunt_temple_overflow_opulence,
          overflow_temple_1_default, uniq_erica

Skill      XL: |  1  2  3  4  5  6  7  8  9 10 |
---------------+-------------------------------+-----
Stealth        | 7 8 9 10 11 12 | 12.1
Short Blades   | 3 4 6 7 9 |  9.2
Dodging        | 3 4 5 6 7 |  7.5
Fighting       | 4 5 6 7 |  7.8
Long Blades    | 2 |  2.1
Shields        | 2 4 |  4.1

Action                     |  1- 3 |  4- 6 |  7- 9 | 10-12 || total
---------------------------+-------+-------+-------+-------++-------
  Melee: Short sword       |    13 |     1 |       |       ||    14
         Tentacles         |     4 |    10 |    52 |    25 ||    91
         Constrict         |     3 |    12 |    60 |     8 ||    83
         Flail             |       |    57 |   104 |       ||   161
         Punch             |       |       |     6 |     3 ||     9
         Falchion          |       |       |    43 |       ||    43
         Rapier            |       |       |   123 |    72 ||   195
  Throw: Boomerang         |       |       |     1 |       ||     1
         Throwing net      |       |       |     1 |       ||     1
 Invoke: Curse Item        |       |       |     4 |     1 ||     5
  Evoke: Wand              |     1 |       |       |     5 ||     6
    Use: Potion            |     2 |       |     1 |     2 ||     5
         Scroll            |     1 |       |    16 |       ||    17
   Stab: Sleeping          |       |     7 |    55 |     9 ||    71
         Distracted        |       |       |     3 |       ||     3
 Armour: Skin              |     3 |    34 |    91 |    21 ||   149
  Dodge: Dodged            |     5 |    56 |   143 |    53 ||   257

Table legend: (Time is in decaauts)
 A = Elapsed time spent in this place.
 B = Non-inter-level travel time spent in this place.
 C = Inter-level travel time spent in this place.
 D = Time resting spent in this place.
 E = Time spent auto-exploring this place.
 F = Levels seen in this place.
 G = Mean time per level.
                   A        B        C        D        E       F      G
               +--------+--------+--------+--------+--------+-----+--------+
         Total |   8421 |   8044 |    377 |   1366 |   4915 |  10 |  842.1 |
       Dungeon |   8089 |   7712 |    377 |   1236 |   4915 |   9 |  898.8 |
       Ossuary |    331 |    331 |      0 |    130 |      0 |   1 |  331.0 |
               +--------+--------+--------+--------+--------+-----+--------+

Top non-repeatable levels by time:
     D:5: 1192 daAuts
     D:7: 1085 daAuts
     D:3: 1022 daAuts
     D:6: 1022 daAuts
     D:1: 1015 daAuts
     D:8: 913 daAuts
     D:4: 777 daAuts
     D:2: 676 daAuts
     D:9: 384 daAuts
 Ossuary: 331 daAuts
